 Dungeon Crawl Stone Soup version 0.20-a0-709-gd40821f (webtiles) character file.

3423 kae the Cleaver (level 9, -17/81 HPs)
             Began as a Minotaur Monk on Feb 21, 2017.
             Demolished by Duvessa
             ... wielding a +2 short sword of electrocution
              (19 damage)
             ... on level 7 of the Dungeon.
             The game lasted 00:07:53 (8962 turns).

kae the Cleaver (Minotaur Monk)                     Turns: 8962, Time: 00:07:53

Health: -17/81     AC:  9    Str: 21    XL:     9   Next: 76%
Magic:  8/8        EV: 16    Int:  7    God:
Gold:   447        SH:  0    Dex: 14    Spells: 8/8 levels left

rFire    . . .     SeeInvis .   a - +1 hand axe
rCold    + + .     Gourm    .   s - +3 leather armour {rC+}
rNeg     . . .     Faith    .   (no shield)
rPois    .         Spirit   .   (helmet restricted)
rElec    .         Reflect  .   e - +1 cloak
rCorr    .         Harm     .   (no gloves)
MR       .....                  (no boots)
Stlth    ++........             m - amulet of magic regeneration
Regen    0.3/turn               y - +3 ring of strength
MPRegen  0.2/turn               d - ring of protection from cold

@: no status effects
A: retaliatory headbutt, horns 2, thin metallic scales 1, deformed body
a: no special abilities


You were on level 7 of the Dungeon.
You were not hungry.

You visited 2 branches of the dungeon, and saw 8 of its levels.

You collected 447 gold pieces.

Inventory:

Hand Weapons
 a - a +1 hand axe (weapon)
Armour
 e - a +1 cloak (worn)
 s - a +3 leather armour of cold resistance (worn)
Jewellery
 b - an uncursed ring of resist corrosion
 d - a ring of protection from cold (left hand)
 m - an amulet of magic regeneration (around neck)
 r - an uncursed ring of wizardry
 y - a +3 ring of strength (right hand)
Wands
 f - a wand of flame (22/48)
 i - a wand of confusion (9/48)
 t - a wand of enslavement (12/24)
 w - a wand of polymorph (6/24)
Scrolls
 j - 2 scrolls of identify
 p - 5 scrolls of remove curse
Potions
 l - a potion of magic
 o - a potion of agility
 q - a potion of curing
 A - a potion of degeneration
Books
 h - a book of Callings

   Spells                             Type                      Level
   a - Summon Small Mammal            Summoning                    1
   b - Call Imp                       Summoning                    2
   c - Call Canine Familiar           Summoning                    3
   d - Summon Guardian Golem          Hexes/Summoning              3
   e - Summon Lightning Spire         Summoning/Air                4
   f - Summon Ice Beast               Ice/Summoning                4
 x - a Young Poisoner's Handbook

   Spells                             Type                      Level
   a - Sting                          Conjuration/Poison           1
   b - Poisonous Vapours              Poison/Air                   2
   c - Mephitic Cloud                 Conjuration/Poison/Air       3
   d - Olgreb's Toxic Radiance        Poison                       4
   e - Venom Bolt                     Conjuration/Poison           5
 z - a book of Minor Magic

   Spells                             Type                      Level
   a - Magic Dart                     Conjuration                  1
   b - Blink                          Translocation                2
   c - Call Imp                       Summoning                    2
   d - Slow                           Hexes                        2
   e - Conjure Flame                  Conjuration/Fire             3
   f - Mephitic Cloud                 Conjuration/Poison/Air       3
Comestibles
 c - 2 bread rations
 g - 3 meat rations
 k - 3 royal jellies
 v - 8 fruits


   Skills:
 + Level 8.1 Fighting
 * Level 11.0 Axes
 + Level 7.4 Armour
 + Level 7.7 Dodging
 - Level 1.5 Stealth


You had 8 spell levels left.
You didn't know any spells.

Dungeon Overview and Level Annotations

Branches:
Dungeon (7/15)             Temple (1/1) D:6

Altars:
Ashenzari
Cheibriados
Dithmenos
Elyvilon
Fedhas
Gozag
Hepliaklqana
Kikubaaqudgha
Nemelex Xobeh
Okawaru
Qazlal
Ru
Sif Muna
Trog
Uskayaw
Vehumet
Xom
Yredelemnul
Zin
The Shining One

Annotations:
D:7 Duvessa


Innate Abilities, Weirdness & Mutations

You reflexively headbutt those who attack you in melee.
You have a pair of horns on your head.
You are partially covered in thin metallic scales. (AC +2)
Armour fits poorly on your strangely shaped body.


Message History

Duvessa is heavily wounded.
Duvessa hits you with a short sword of electrocution.
You barely miss Duvessa. Your headbutt misses Duvessa.
Duvessa is heavily wounded.
Duvessa misses you.
You barely miss Duvessa.
Duvessa is heavily wounded.
Duvessa hits you but does no damage. Duvessa completely misses you.
You hit Duvessa.
Duvessa is heavily wounded.
Duvessa hits you with a short sword of electrocution!
* * * LOW HITPOINT WARNING * * *
You are electrocuted!
* * * LOW HITPOINT WARNING * * *
You hit Duvessa.
Duvessa is heavily wounded.
Duvessa hits you with a short sword of electrocution.
* * * LOW HITPOINT WARNING * * *
You are electrocuted!
You die...

.# #≈≈...# ##.#... .#
#≈#...# .##### .# #≈≈...#
.# .# #≈≈..## #+## (#
###≈≈..# #...## .#
#.####)# #.....# .#
#.#.#..###.......
.#########..<..###........
................@eZ)......
.
.######........###........
. .# #.##.#.#.# ##.......
. .## #.##.###.# #.....# #
..# #.##.# #.# #...## #
.## #.##.# #.# #+## # ##
#.##.# #.# #.# #
#.##.###.# #.# #
#........#### ##.## #


You could see Duvessa (berserk) and a centaur zombie.

Vanquished Creatures
  The ghost of BenSoosneb the Jinx, a novice SpEn of Ieoh Jian (D:6)
  The ghost of KristoblXynda the Twirler, an amateur DrGl of Ashenzari (D:4)
  A spriggan (D:7)
  Sigmund (D:4)
  A wyvern (D:6)
  Eustachio (D:4)
  Edmund (D:4)
  2 orc warriors
  2 sky beasts (D:5)
  A centaur (D:5)
  4 bullfrogs
  A scorpion (D:6)
  Dowan (D:7)
  9 killer bees (D:7)
  A howler monkey (D:5)
  A crimson imp (D:5)
  A centaur zombie (D:5)
  A bullfrog zombie (D:5)
  2 hounds
  3 orc priests
  Crazy Yiuf (D:2)
  2 jellies (D:7)
  5 orc wizards
  3 iguanas (D:4)
  7 worker ants
  A hound zombie (D:5)
  7 adders
  2 oozes
  2 adder skeletons (D:5)
  3 worms
  4 leopard geckos
  18 orcs
  5 ball pythons
  7 bats
  4 giant cockroaches
  8 goblins
  11 hobgoblins
  12 jackals
  11 kobolds
  2 quokkas
  9 frilled lizards
  A leopard gecko skeleton (D:4)
  10 rats
171 creatures vanquished.

Vanquished Creatures (others)
  2 fungi (D:2)
2 creatures vanquished.

Grand Total: 173 creatures vanquished

Notes
Turn   | Place    | Note
-------+----------+-------------------------------------------
     0 | D:1      | kae the Minotaur Monk began the quest for the Orb.
     0 | D:1      | Reached XP level 1. HP: 19/19 MP: 0/0
   132 | D:1      | Reached XP level 2. HP: 26/27 MP: 1/1
   180 | D:1      | Reached skill level 4 in Axes
   596 | D:1      | Reached skill level 1 in Armour
   666 | D:1      | Reached XP level 3. HP: 33/33 MP: 2/2
  1412 | D:2      | Reached skill level 5 in Axes
  1419 | D:2      | Reached XP level 4. HP: 40/40 MP: 3/3
  1457 | D:2      | Found a runed door.
  1508 | D:2      | Found a sparkling altar of Nemelex Xobeh.
  1649 | D:2      | Found a blossoming altar of Fedhas.
  1908 | D:2      | Found a glowing golden altar of the Shining One.
  2328 | D:2      | Noticed Crazy Yiuf
  2330 | D:2      | Killed Crazy Yiuf
  2367 | D:3      | Reached XP level 5. HP: 46/46 MP: 4/4
  3366 | D:4      | Reached skill level 6 in Axes
  3500 | D:4      | Noticed Eustachio
  3502 | D:4      | Noticed Edmund
  3511 | D:4      | Gained mutation: You evolve. [potion of mutation]
  3511 | D:4      | Gained mutation: You are partially covered in thin metallic scales. (AC +2) [potion of mutation]
  3528 | D:4      | Killed Edmund
  3528 | D:4      | Reached XP level 6. HP: 22/55 MP: 5/5
  3539 | D:4      | Reached skill level 5 in Fighting
  3859 | D:4      | Gained mutation: Armour fits poorly on your strangely shaped body. [evolution]
  3859 | D:4      | Lost mutation: You evolve. [end of evolution]
  4049 | D:4      | Noticed KristoblXynda's ghost (amateur DrGl)
  4094 | D:4      | Killed KristoblXynda's ghost
  4094 | D:4      | Reached skill level 7 in Axes
  4094 | D:4      | Reached skill level 5 in Dodging
  4094 | D:4      | Reached XP level 7. HP: 31/61 MP: 6/6
  4356 | D:4      | Killed Eustachio
  4592 | D:4      | Noticed Sigmund
  4607 | D:4      | Killed Sigmund
  4737 | D:4      | Reached skill level 8 in Axes
  4916 | D:4      | Reached XP level 8. HP: 70/70 MP: 7/7
  4932 | D:5      | Entered Level 5 of the Dungeon
  5184 | D:5      | Reached skill level 5 in Armour
  5838 | D:6      | Noticed BenSoosneb's ghost (novice SpEn)
  6329 | D:6      | Killed BenSoosneb's ghost
  6329 | D:6      | Reached skill level 9 in Axes
  6503 | D:6      | Reached XP level 9. HP: 41/79 MP: 8/8
  6836 | D:6      | Found a stormy altar of Qazlal.
  6923 | D:5      | Reached skill level 10 in Axes
  7314 | D:6      | Found a staircase to the Ecumenical Temple.
  7357 | Temple   | Entered the Ecumenical Temple
  7634 | D:6      | Found an opulent altar of Gozag.
  8710 | D:7      | Found a shadowy altar of Dithmenos.
  8713 | D:7      | Found a shattered altar of Ashenzari.
  8716 | D:7      | Found a hazy altar of Hepliaklqana.
  8863 | D:7      | Found a sparkling altar of Nemelex Xobeh.
  8943 | D:7      | Noticed Duvessa
  8943 | D:7      | Noticed Dowan
  8952 | D:7      | Killed Dowan
  8952 | D:7      | Reached skill level 11 in Axes
  8962 | D:7      | HP: 2/81 [Duvessa/short sword of electrocution (4)]
  8962 | D:7      | Demolished by Duvessa

Vault maps used:
D:1:      dpeg_arrival_three_bigger_balls, kennysheep_pointless_box,
          minmay_split_cup_small
D:2:      nemelex_altar_shiori, marbit_many_paths, fedhas_altar_3,
          uniq_crazy_yiuf_cottage
D:3:      first_bread
D:4:      uniq_sigmund, uniq_edmund, uniq_eustachio
D:5:      st_stairs_1
D:6:      nicolae_qazlal_general_emergency, minmay_temple_entry_grid,
          basic_altar
D:7:      grunt_temple_overflow_diamond, basic_altar, the_bakery,
          kennysheep_nub, uniq_duvessa
Temple:   zaba_magenta_temple

Skill      XL: |  1  2  3  4  5  6  7  8  9 |
---------------+----------------------------+-----
Axes           | 4 5 6 7 8 9 11 | 11.0
Fighting       | 4 5 7 8 |  8.1
Armour         | 1 2 3 4 6 7 |  7.4
Dodging        | 4 5 6 7 |  7.7
Stealth        | |  1.5

Action                   |  1- 3 |  4- 6 |  7- 9 || total
-------------------------+-------+-------+-------++-------
Melee: Hand axe          |    74 |   190 |   342 ||   606
       Headbutt          |    11 |    34 |    58 ||   103
  Use: Scroll            |       |    10 |     3 ||    13
       Potion            |       |    10 |     4 ||    14
 Stab: Sleeping          |     7 |     3 |     2 ||    12
  Eat: Chunk             |     1 |     9 |    16 ||    26
Armor: Robe              |     6 |    23 |     5 ||    34
       Leather armour    |       |       |    93 ||    93
Dodge: Dodged            |    56 |   118 |   232 ||   406
